 Dungeon Crawl Stone Soup version 0.29.1-15-g9cfb28693d (webtiles) character file.

Game seed: 16209850077779096096

121 H0rd4k the Charlatan (level 5, 0/35 HPs)
             Began as an Octopode Artificer on Mar 10, 2023.
             Slain by an orc wizard
             ... wielding a +0 dagger
              (2 damage)
             ... on level 3 of the Dungeon.
             The game lasted 00:02:02 (3314 turns).

H0rd4k the Charlatan (Octopode Artificer)           Turns: 3314, Time: 00:02:03

Health: 0/35       AC:  1    Str: 12    XL:     5   Next: 5%
Magic:  8/8        EV: 13    Int: 15    God:
Gold:   109        SH:  0    Dex: 12    Spells: 8/8 levels left

rFire   . . .      SeeInvis .     - Unarmed
rCold   . . .      Faith    .   (no shield)
rNeg    . . .      Spirit   .   (helmet restricted)
rPois   .          Reflect  .   (no amulet)
rElec   .          Harm     .   (no ring)
rCorr   .          Rampage  .   (no ring)
Will    .....                   (no ring)
Stlth   +++.......              (no ring)
HPRegen 0.11/turn               (no ring)
MPRegen 0.11/turn               (no ring)
                                (no ring)
                                (no ring)

@: no status effects
A: almost no armour, amphibious, 8 rings, camouflage 1, gelatinous body 1,
(nimble swimmer 1), tentacles
a: no special abilities


You were on level 3 of the Dungeon.
You visited 1 branch of the dungeon, and saw 3 of its levels.

You collected 109 gold pieces.

Inventory:

Wands
 b - a wand of flame (36) (quivered)
 c - a wand of charming (15)
 d - a wand of iceblast (5)
Scrolls
 a - 4 scrolls of identify {unknown}
 e - a scroll of amnesia {unknown}
 f - 3 scrolls of poison {unknown}
 g - a scroll of silence {unknown}
 k - a scroll of vulnerability {unknown}
 o - 2 scrolls of teleportation {unknown}
Potions
 h - a potion of flight {unknown}
 i - a potion of degeneration {unknown}
 j - a potion of curing {unknown}
 l - a potion of ambrosia {unknown}
 m - a potion of attraction {unknown}
 n - 2 potions of haste {unknown}


   Skills:
 * Level 2.6 Fighting
 - Level 2.3 Dodging
 - Level 1.3 Stealth
 + Level 2.6 Unarmed Combat
 * Level 2.1 Spellcasting
 - Level 3.2 Evocations


You had 8 spell levels left.
You didn't know any spells.
Your spell library contained the following spells:

 Spells                   Type           Power      Damage    Failure   Level
 Ensorcelled Hibernation  Hex/Ice        2%         N/A       32%         2
 Passwall                 Tmut/Erth      0%         N/A       32%         2
 Swiftness                Air            1%         N/A       54%         3


Dungeon Overview and Level Annotations

Branches:
Dungeon (3/15)

Altars:
Cheibriados
Dithmenos
Xom


Innate Abilities, Weirdness & Mutations

You cannot wear most types of armour.
You are amphibious.
You can wear up to eight rings at the same time.
Your skin changes colour to match your surroundings (Stealth+).
Your rubbery body absorbs attacks. (AC +1, EV +1)
((You are camouflaged when in or above water. (Stealth+)))
You have tentacles for arms and can constrict up to eight enemies at once.


Message History

You tentacle-slap the orc wizard.
The orc wizard is severely wounded.
You constrict the orc wizard. The orc wizard closely misses you.
The orc completely misses you.
You tentacle-slap the orc wizard.
The orc wizard is severely wounded.
You constrict the orc wizard.
You kill the orc wizard!
The orc misses you.
You have reached level 5!
You feel stronger. The orc attacks as you move away!
The orc hits you with a +0 short sword.
You barely miss the orc. Your grab misses the orc.
The orc completely misses you.
You closely miss the orc. You grab the orc. You squeeze the orc.
You kill the orc!
You barely miss the orc wizard. Your grab misses the orc wizard.
Your squeeze misses the orc wizard.
The orc wizard hits you with a +0 dagger.
You closely miss the orc wizard. Your grab misses the orc wizard.
You tentacle-slap the orc wizard. Your grab misses the orc wizard.
Your squeeze misses the orc wizard.
The orc wizard is lightly wounded.
The orc wizard mumbles some strange words.
The orc wizard flickers and vanishes!
Deactivating autopickup; reactivate with Ctrl-A.
You barely miss something. Your squeeze misses something.
The orc priest calls down the wrath of Beogh upon you.
Beogh smites you! Something hits you.
* * * LOW HITPOINT WARNING * * *
You closely miss something. Something hits you.
* * * LOW HITPOINT WARNING * * *
You miss something. Your squeeze misses something. Something hits you.
* * * LOW HITPOINT WARNING * * *
You miss something. Something hits you.
* * * LOW HITPOINT WARNING * * *
You miss something. Your squeeze misses something.
The orc priest looks encouraged for a moment.
Something hits you.
You die...

#.#.≈...≈.#
#.#.≈._.≈.#
.#
#.#.≈...≈.###
.#
#.+.......+.#
.#
######'####.#
.# #.###..#
o# #.....##
.#
#####.#####.#
#..@{o.)#
#.####### ###


You could see an orc priest.

Vanquished Creatures
  An orc wizard (D:3)
  A gnoll (D:1)
  An adder (D:3)
  A shadow imp (D:3)
  A worm (D:3)
  A dart slug (D:1)
  An orc (D:3)
  6 bats
  4 endoplasms
  4 giant cockroaches
  3 hobgoblins
  6 jackals
  5 kobolds
  2 quokkas (D:1)
  8 ball pythons
  8 frilled lizards
  4 goblins
  11 rats
68 creatures vanquished.

Notes
Turn   | Place    | Note
-------+----------+-------------------------------------------
     0 | D:1      | H0rd4k the Octopode Artificer began the quest for the Orb.
     0 | D:1      | Reached XP level 1. HP: 13/13 MP: 1/1
    65 | D:1      | Reached XP level 2. HP: 9/18 MP: 1/3
   224 | D:1      | Reached skill level 1 in Spellcasting
   360 | D:1      | Reached XP level 3. HP: 7/24 MP: 3/5
   888 | D:1      | Found a faded altar of an unknown god.
  1362 | D:1      | Reached skill level 1 in Unarmed Combat
  2077 | D:2      | Reached XP level 4. HP: 22/29 MP: 6/6
  2940 | D:3      | Found a shimmering altar of Xom.
  3009 | D:3      | Found a snail-covered altar of Cheibriados.
  3275 | D:3      | Found a shadowy altar of Dithmenos.
  3302 | D:3      | Reached XP level 5. HP: 26/35 MP: 8/8
  3314 | D:3      | Slain by an orc wizard

Illustrated notes

Levels and vault maps discovered:
D:1:      shiori_arrival_oz, layout_loops_ring, basic_ecumenical_altar,
          minivault_26, minmay_lizard_pond
D:2:      layout_basic, minmay_stone_trees_medium
D:3:      layout_basic, mainiacjoe_overflow_alcove_1, old_standard_altar,
          lemuel_round_altar, mainiacjoe_overflow_24_doors,
          mainiacjoe_overflow_six_doors_small

Skill      XL: |  1  2  3  4 |
---------------+-------------+-----
Spellcasting   | 1 2 |  2.1
Fighting       | 2 |  2.6
Unarmed Combat | 1 2 |  2.6
Dodging        | |  2.3
Stealth        | |  1.3
Evocations     | |  3.2

Action                   |  1- 3 |  4- 6 || total
-------------------------+-------+-------++-------
Melee: Unarmed           |   112 |    64 ||   176
       Constrict         |    29 |    15 ||    44
       Tentacles         |    28 |    11 ||    39
       Punch             |     1 |     3 ||     4
 Stab: Sleeping          |     6 |     9 ||    15
Armor: Skin              |     7 |     6 ||    13
Dodge: Dodged            |    67 |    34 ||   101
